 Dungeon Crawl Stone Soup version 0.20.1-1-g8b1a95d (webtiles) character file.

358 kefirnik the Skirmisher (level 6, -1/51 HPs)
             Began as a Mummy Abyssal Knight on Nov 22, 2017.
             Was a Believer of Lugonu.
             Slain by a scorpion (7 damage)
             ... on level 3 of the Dungeon.
             The game lasted 00:25:56 (5902 turns).

kefirnik the Skirmisher (Mummy Abyssal Knight)      Turns: 5902, Time: 00:25:57

Health: -1/51      AC:  3    Str: 15    XL:     6   Next: 37%
Magic:  7/7        EV: 12    Int: 14    God:    Lugonu [**....]
Gold:   202        SH:  0    Dex: 11    Spells: 4/5 levels left

rFire    x . .     SeeInvis .   r - +0 trident
rCold    + . .     Gourm    .   (no shield)
rNeg     + + +     Faith    .   b - +0 leather armour
rPois    ∞         Spirit   .   (no helmet)
rElec    .         Reflect  .   (no cloak)
rCorr    .         Harm     .   (no gloves)
MR       .....                  (no boots)
Stlth    +.........             (no amulet)
Regen    0.2/turn               (no ring)
MPRegen  0.1/turn               (no ring)

@: no status effects
A: no food or potions, fire vulnerability, cold resistance 1, negative energy
resistance 3, torment resistance, unbreathing
a: Depart the Abyss, Bend Space, Renounce Religion


You were on level 3 of the Dungeon.
You worshipped Lugonu.
Lugonu was pleased with you.
You were not hungry.

You visited 1 branch of the dungeon, and saw 4 of its levels.
You visited the Abyss 1 time.

You collected 202 gold pieces.

Inventory:

Hand Weapons
 r - a +0 trident (weapon)
Missiles
 d - 110 stones (quivered)
 g - 40 poisoned needles
Armour
 b - a +0 leather armour (worn)
 m - a +0 plate armour of magic resistance
 n - a +0 large shield
Jewellery
 e - an uncursed ring of resist corrosion {unknown}
 h - an uncursed ring of fire {unknown}
Scrolls
 c - a scroll of enchant armour {unknown}
 f - 3 scrolls of remove curse {unknown}
 i - a scroll of blinking {unknown}
 j - a scroll of magic mapping {unknown}
 k - a scroll of recharging {unknown}
 l - a scroll of identify {unknown}
 o - a scroll of teleportation {unknown}
 q - a scroll of fear {unknown}
Books
 p - a book of Cantrips

   Spells                             Type                      Level
   a - Confusing Touch                Hexes                        1
   b - Animate Skeleton               Necromancy                   1
   c - Summon Small Mammal            Summoning                    1
   d - Apportation                    Translocation                1


   Skills:
 - Level 5.3 Fighting
 + Level 1.9 Polearms
 - Level 1.5 Armour
 * Level 3.4 Dodging
 + Level 2.3 Invocations


You had 4 spell levels left.
You knew the following spells:

 Your Spells              Type           Power        Failure   Level  Hunger
s - Summon Small Mammal   Summ           #...         34%         1    N/A

Dungeon Overview and Level Annotations

Branches:
Dungeon (4/15)
 Temple: D:4-7

Altars:
Dithmenos
Fedhas
Hepliaklqana


Innate Abilities, Weirdness & Mutations

You do not eat or drink.
Your flesh is vulnerable to fire.
You are immune to poison.
Your flesh is cold resistant. (rC+)
You are immune to negative energy. (rN+++)
You are immune to unholy pain and torment.
You can survive without breathing.


Message History

Tha scorpion barely misses ye.
Tha scorpion stin's ye.
* * * LOW HITPOINT WARNIN'
* * * Ye hit tha scorpion.
Tha scorpion be heavily wounded.
Tha scorpion closely misses ye.
Ye barely miss tha scorpion.
Tha scorpion be heavily wounded.
Tha scorpion closely misses ye.
Ye hit tha scorpion but do nay damage.
Tha scorpion be heavily wounded.
Tha scorpion closely misses ye.
Ye hit tha scorpion but do nay damage.
Tha scorpion be heavily wounded.
Tha scorpion barely misses ye.
Ye hit tha scorpion.
Tha scorpion be severely wounded.
Tha scorpion stin's ye.
* * * LOW HITPOINT WARNIN'
* * * Tha scorpion stin's ye!
Ye die...

###### ########....#
#.....##....#
#.>...##....#
#.....##....##########
#.)..os@.........)...###
#<[...##....########....
#[....##.....## #....
#.....##......# #....
#.............# #....
#..####.####..# #....
#..##.....##.########...
#..#.......#.# #......#.
##.#.......#.###.######.


You could see a scorpion and an orc.

Vanquished Creatures
  2 orc priests
  An orc wizard (D:3)
  Terence (D:2)
  11 adders
  3 oozes
  6 worms (D:2)
  3 dart slugs
  A leopard gecko (D:3)
  13 orcs
  4 bats
  3 giant cockroaches
  10 goblins
  12 hobgoblins
  6 jackals
  A quokka (D:2)
  A ball python (D:3)
  9 frilled lizards
  8 kobolds
  12 rats
107 creatures vanquished.

Notes
Turn   | Place    | Note
-------+----------+-------------------------------------------
     0 | Abyss:1  | kefirnik the Mummy Abyssal Knight began the quest for the Orb.
     0 | Abyss:1  | Reached XP level 1. HP: 18/18 MP: 2/2
    51 | Abyss:1  | Noticed a wraith
    75 | Abyss:1  | Noticed a small abomination
    84 | D:1      | Escaped the Abyss
   370 | D:1      | Reached * piety under Lugonu
   489 | D:1      | Reached skill level 1 in Dodging
   492 | D:1      | Reached XP level 2. HP: 24/24 MP: 3/3
   892 | D:1      | Reached XP level 3. HP: 27/30 MP: 4/4
  1058 | D:1      | Reached skill level 4 in Fighting
  2134 | D:2      | Reached XP level 4. HP: 38/38 MP: 5/5
  2521 | D:2      | Found a shadowy altar of Dithmenos.
  2731 | D:2      | Noticed Terence
  2748 | D:2      | Killed Terence
  2748 | D:2      | Reached XP level 5. HP: 40/43 MP: 6/6
  2782 | D:2      | Reached ** piety under Lugonu
  3271 | D:3      | Reached skill level 5 in Fighting
  3357 | D:3      | Found a hazy altar of Hepliaklqana.
  3972 | D:3      | Learned a level 1 spell: Summon Small Mammal
  4620 | D:3      | Reached XP level 6. HP: 24/51 MP: 7/7
  5695 | D:4      | Found a blossoming altar of Fedhas.
  5902 | D:3      | Slain by a scorpion

Skill      XL: |  1  2  3  4  5 |
---------------+----------------+-----
Dodging        | 1 2 3 |  3.4
Fighting       | 4 5 |  5.3
Invocations    | 2 |  2.3
Polearms       | |  1.9
Armour         | |  1.5

Action                   |  1- 3 |  4- 6 || total
-------------------------+-------+-------++-------
Melee: Spear             |   182 |   208 ||   390
       Dagger            |       |   182 ||   182
       Trident           |       |    54 ||    54
Throw: Stone             |     7 |    22 ||    29
Invok: Depart the Abyss  |     1 |       ||     1
 Stab: Sleeping          |     1 |       ||     1
Armor: Leather armour    |    27 |    33 ||    60
       Plate armour      |       |    85 ||    85
Dodge: Dodged            |    66 |   178 ||   244
